AoeStats
← MEBIUS

Arena

509556326Analyzed
1v1 RM · 6d ago on Sep 27, 2026· 41m 52s· 2 players
Game mode
Random Map
Map size
Tiny (2 player)
Population
200
Speed
Normal
Resources
Standard
Victory
Conquest
Starting age
Dark Age
Ending age
Imperial Age
RankedLock teamsTeams togetherTeam positionsShared explorationLock speedFull tech treeHidden civsTurbo modeCheats
Victory
Defeat
🇨🇳 Slavs · China
888
+14
🇨🇳 Teutons · China
852
-14
MEBIUS
10:38 Feudal Age
13:01 Double-Bit Axe
16:02 Castle Age
14:32 Stone Mining
23:41 Gold Mining
24:13 Pikeman
30:28 Wheelbarrow
33:49 Imperial Age
32:53 Stone Shaft Mining
33:10 Squires
35:46 Chemistry
35:18 Bloodlines
35:02 Fletching
STONE
8:27 Loom
10:31 Feudal Age
14:57 Castle Age
14:31 Double-Bit Axe
14:38 Horse Collar
24:57 Wheelbarrow
26:47 Bow Saw
26:40 Heavy Plow
27:25 Gold Mining
29:49 Hand Cart
32:47 Imperial Age
30:37 Fletching
31:36 Bodkin Arrow
32:23 Gold Shaft Mining
33:53 Conscription
38:31 Elite Boyar
40:44 Scale Barding Armor
40:50 Forging
42:10 Chain Barding Armor
42:24 Crop Rotation
Connection lost

Rejoining the realm…

Still unreachable

The connection could not be restored.

Session expired

The server has moved on; the page needs a fresh start.